 Dungeon Crawl Stone Soup version 0.29.1-2-gbd0b4ee654 (webtiles) character file.

Game seed: 6558822714863782318

22934 Icepheonix32 the Fighter (level 12, -13/116 HPs)
             Began as a Minotaur Fighter on Oct 27, 2022.
             Was the Champion of Okawaru.
             Mangled by a skeletal warrior
             ... wielding a +0 short sword
              (16 damage)
             ... on level 12 of the Dungeon.
             The game lasted 00:23:42 (13840 turns).

Icepheonix32 the Fighter (Minotaur Fighter)        Turns: 13840, Time: 00:23:42

Health: -13/116    AC: 14    Str: 32    XL:     12   Next: 67%
Magic:  15/15      EV: 12    Int:  6    God:    Okawaru [******]
Gold:   1062       SH:  0    Dex: 11    Spells: 9/11 levels left

rFire   . . .      SeeInvis +   g - +5 quarterstaff (spect)
rCold   . . .      Faith    +   (shield currently unavailable)
rNeg    + + .      Spirit   .   T - +1 acid dragon scales
rPois   .          Reflect  .   (helmet restricted)
rElec   .          Harm     .   y - +0 cloak
rCorr   +          Rampage  .   j - +0 pair of gloves
Will    .....                   l - +1 pair of boots of Snakes and Ladders {rN+}
Stlth   ++........              v - amulet of faith
HPRegen 0.29/turn               B - ring of positive energy
MPRegen 0.14/turn               r - +6 ring of strength

@: about to teleport
A: horns 2, retaliatory headbutt, see invisible, sense surroundings 1, strong 1
a: Renounce Religion, Heroism, Finesse, Duel


You were on level 12 of the Dungeon.
You worshipped Okawaru.
Okawaru was exalted by your worship.
You visited 2 branches of the dungeon, and saw 13 of its levels.
You also visited: Bailey.

You collected 1907 gold pieces.
You spent 845 gold pieces at shops.

Inventory:

Hand Weapons
 g - a +5 spectral quarterstaff (weapon)
 n - a +4 morningstar
 o - a +3 trident
 t - the +8 longbow "Untocut" {venom, *Corrode rElec rF+ Dex+4}
   (You found it on level 4 of the Dungeon)

   Any ammunition fired from it poisons the flesh of those it strikes.
   Dex:       It affects your dexterity (+4).
   rF:        It protects you from fire.
   rElec:     It insulates you from electricity.
   *Corrode:  It may corrode you when you take damage.
 K - the +7 quarterstaff "Hohuel" {vorpal, rPois Will+ Int-2 Stlth+}
   (You bought it in a shop on level 7 of the Dungeon)

   It inflicts extra damage upon your enemies.
   Int:       It affects your intelligence (-2).
   rPois:     It protects you from poison.
   Will:      It increases your willpower.
   Stlth:     It makes you more stealthy.
 O - the +7 hand crossbow "Hiwk" {penet, rCorr Dex+2}
   (Okawaru gifted it to you on level 10 of the Dungeon)

   Any ammunition fired by it passes through the targets it hits, potentially
   hitting all targets in its path until it reaches maximum range.
   Dex:       It affects your dexterity (+2).
   rCorr:     It protects you from acid and corrosion.
Missiles
 q - a throwing net (quivered)
 C - 6 curare-tipped darts
 D - 9 boomerangs
Armour
 c - a +0 buckler
 i - a +2 leather armour of willpower
 j - a +0 pair of gloves (worn)
 k - a +1 plate armour of willpower
 l - the +1 pair of boots of Snakes and Ladders (worn) {rN+}
   (You bought it in a shop on level 7 of the Dungeon)

   rN:        It protects you from negative energy.
 y - a +0 cloak (worn)
 E - a +1 scale mail of fire resistance
 N - a +3 ring mail
 T - +1 acid dragon scales (worn)
 U - the +2 buckler of Kyech {Rampage +Blink MP-9 Stlth+}
   (Okawaru gifted it to you on level 11 of the Dungeon)

   MP:        It affects your magic capacity (-9).
   +Blink:    It lets you blink.
   Rampage:   It bestows one free step when moving towards enemies.
   Stlth:     It makes you more stealthy.
Jewellery
 f - a ring of see invisible
 r - a +6 ring of strength (right hand)
 v - an amulet of faith (around neck)
 B - a ring of positive energy (left hand)
 L - a ring of positive energy
Wands
 a - a wand of polymorph (16)
 p - a wand of digging (1)
 s - a wand of quicksilver (28)
 w - a wand of mindburst (7)
 V - a wand of flame (6)
Scrolls
 b - a scroll of identify
 x - 2 scrolls of teleportation
 H - 3 scrolls of fog
 I - 2 scrolls of magic mapping
 P - a scroll of silence
Potions
 d - 3 potions of might
 e - a potion of ambrosia
 h - 3 potions of curing
 m - 3 potions of haste
 u - 2 potions of brilliance
 z - 4 potions of flight
 A - 2 potions of attraction
 F - a potion of berserk rage
 G - a potion of heal wounds
 M - a potion of resistance
 Q - a potion of lignification
 R - 3 potions of magic
 S - a potion of cancellation


   Skills:
 * Level 13.7 Fighting
 - Level 2.6 Axes
 * Level 10.6 Staves
 + Level 13.5 Ranged Weapons
 + Level 0.3 Throwing
 + Level 8.6 Armour
 + Level 3.2 Dodging
 + Level 2.8 Stealth
 + Level 4.6 Shields
 * Level 5.9 Invocations


You had 9 spell levels left.
You knew the following spells:

 Your Spells              Type           Power      Damage    Failure   Level
a - Wereblood             Tmut           0%         N/A       65%         2

Your spell library contained the following spells:

 Spells                   Type           Power      Damage    Failure   Level
 Beastly Appendage        Tmut           0%         N/A       50%         1
 Frozen Ramparts          Ice            0%         1d1       86%         3
 Ozocubu's Armour         Ice            0%         N/A       86%         3
 Spider Form              Tmut/Pois      0%         N/A       86%         3
 Ice Form                 Ice/Tmut       0%         N/A       99%         4
 Petrify                  Tmut/Erth      0%         N/A       99%         4
 Alistair's Intoxication  Tmut/Pois      0%         N/A       100%        5
 Borgnjor's Vile Clutch   Necr/Erth      0%         N/A       100%        5
 Metabolic Englaciation   Hex/Ice        0%         N/A       100%        5
 Eringya's Noxious Bog    Tmut/Pois      0%         N/A       100%        6
 Statue Form              Tmut/Erth      0%         N/A       100%        6
 Summon Ice Beast         Ice/Summ       Unusable   N/A       N/A         4
 Simulacrum               Ice/Necr       Unusable   N/A       N/A         6

Dungeon Overview and Level Annotations

Branches:
Dungeon (12/15)            Temple (1/1) D:5            Lair (0/5) D:10
 Bailey (visited)
    Orc: D:9-12

Altars:
Cheibriados
Dithmenos
Elyvilon
Fedhas
Gozag
Hepliaklqana
Kikubaaqudgha
Makhleb
Nemelex Xobeh
Okawaru
Qazlal
Ru
Sif Muna
Trog
Uskayaw
Vehumet
Wu Jian
The Shining One

Shops:
D:7 [(:[

Portals:
Trove: D:11 (give +6 fire dragon scales)

Annotations:
D:8 3 runed translucent doors, smilodon's ghost, novice DEHW


Innate Abilities, Weirdness & Mutations

You have a pair of horns on your head.
You reflexively headbutt those who attack you in melee.
You have supernaturally acute eyesight. (SInv)
You passively map a small area around you.
Your muscles are strong. (Str +4, Int/Dex -1)


Message History

g - a +5 spectral quarterstaff (weapon)
Unknown command.
You feel better.
You feel better.
You closely miss the skeletal warrior.
The skeletal warrior is lightly damaged.
Your +5 spectral quarterstaff hits the skeletal warrior!
The skeletal warrior hits you with a +0 long sword.
You hit the skeletal warrior but do no damage.
The skeletal warrior is moderately damaged.
Your +5 spectral quarterstaff hits the skeletal warrior.
The skeletal warrior hits you but does no damage.
You hit the skeletal warrior but do no damage.
Your headbutt misses the skeletal warrior.
The skeletal warrior is moderately damaged.
Your +5 spectral quarterstaff hits the skeletal warrior but does no damage.
You hit the skeletal warrior but do no damage.
You headbutt the skeletal warrior, but do no damage.
The skeletal warrior is moderately damaged.
Your +5 spectral quarterstaff barely misses the skeletal warrior.
The skeletal warrior hits you with a +0 long sword!!
You are too injured to fight recklessly!
Unknown command.
The skeletal warrior hits you with a +0 long sword.
Unknown command.
As you read the scroll of teleportation, it crumbles to dust.
You feel strangely unstable.
The skeletal warrior hits you with a +0 long sword.
The skeletal warrior attacks as you move away!
The skeletal warrior hits you with a +0 short sword.
* * * LOW HITPOINT WARNING * * *
The skeletal warrior hits you from afar with a +0 trident!!
* * * LOW HITPOINT WARNING * * *
The skeletal warrior attacks as you move away!
The skeletal warrior hits you with a +0 short sword!
* * * LOW HITPOINT WARNING * * *
Items here: ( )) ?.
The skeletal warrior attacks as you move away!
The skeletal warrior hits you with a +0 short sword!
You die...

, #
#....##.........#.##... ..
#.......##.........#... ,
...#..###..........#......
,
.##.......)......#.#..##..
....)..)........#.........
,
..##...........##........
, ,
.........z.z....#.........
...###...zz...............
. #...@................
....................>... *
........................ *
,
.........#...............
.........###...........†.
,
.........................
......................#
..#..................##*
..#...#..............#


You could see 4 skeletal warriors.

Vanquished Creatures
  Erica (D:10)
  A boulder beetle (D:12)
  A centaur warrior (D:12)
  3 two-headed ogres
  A fire crab (shapeshifter) (D:11)
  6 skeletal warriors (D:11)
  Pikel (D:4)
  A deep elf pyromancer (D:8)
  A cyclops (D:12)
  An orc sorcerer (Bailey)
  Maggie (D:10)
  An unseen horror (D:12)
  2 kobold demonologists
  A komodo dragon (D:10)
  2 trolls (D:11)
  A hornet (D:10)
  Grinder (D:3)
  Sigmund (D:5)
  A shadow (D:11)
  A wyvern (D:9)
  A wraith (D:11)
  Eustachio (D:4)
  29 yaks
  A steam dragon (D:9)
  Edmund (D:4)
  An acid dragon (D:9)
  Duvessa (D:6)
  3 water moccasins
  4 ice beasts
  20 orc warriors
  A sky beast (D:6)
  2 black bears (D:6)
  3 centaurs
  An ogre (D:6)
  A phantom (D:5)
  2 kobold brigands
  6 bullfrogs
  Blork the orc (D:6)
  A necrophage (D:7)
  4 scorpions
  2 gnoll sergeants
  7 wights
  Dowan (D:6)
  6 killer bees
  3 howler monkeys
  6 electric eels (Bailey)
  A gnoll bouda (D:7)
  3 hounds
  2 jellies
  9 orc priests
  2 iguanas
  Ijyb (D:4)
  10 orc wizards
  Robin (D:3)
  24 gnolls
  6 adders
  A shadow imp (D:4)
  2 white imps (D:8)
  2 ufetubi
  3 worms
  3 dart slugs
  50 orcs
  A ball python (D:3)
  3 bats
  8 endoplasms
  4 giant cockroaches
  32 goblins
  16 hobgoblins
  3 jackals (D:2)
  16 kobolds
  4 quokkas
  4 frilled lizards
  4 rats
353 creatures vanquished.

Vanquished Creatures (others)
  13 fungi (D:8)
  3 plants (D:10)
  3 toadstools (D:8)
19 creatures vanquished.

Grand Total: 372 creatures vanquished

Notes
Turn   | Place    | Note
-------+----------+-------------------------------------------
     0 | D:1      | Icepheonix32 the Minotaur Fighter began the quest for the
                  | Orb.
     0 | D:1      | Reached XP level 1. HP: 19/19 MP: 0/0
   163 | D:1      | Reached XP level 2. HP: 22/27 MP: 1/1
   531 | D:1      | Reached XP level 3. HP: 33/33 MP: 2/2
   678 | D:2      | Reached skill level 1 in Staves
   760 | D:2      | Reached XP level 4. HP: 41/41 MP: 3/3
   845 | D:2      | Found a faded altar of an unknown god.
  1408 | D:3      | Noticed Grinder
  1416 | D:3      | Killed Grinder
  1417 | D:3      | Reached skill level 5 in Fighting
  1417 | D:3      | Reached skill level 5 in Armour
  1417 | D:3      | Reached XP level 5. HP: 26/48 MP: 4/4
  1417 | D:3      | Reached XP level 6. HP: 30/56 MP: 5/5
  1591 | D:3      | Found an ancient bone altar of Kikubaaqudgha.
  1593 | D:3      | Found a shadowy altar of Dithmenos.
  1593 | D:3      | Found a bloodstained altar of Trog.
  1594 | D:3      | Found a hazy altar of Hepliaklqana.
  1594 | D:3      | Found a sacrificial altar of Ru.
  1594 | D:3      | Found an ornate altar of the Wu Jian Council.
  1594 | D:3      | Found a stormy altar of Qazlal.
  1675 | D:3      | Noticed Robin
  1687 | D:3      | Killed Robin
  2133 | D:4      | Reached skill level 1 in Dodging
  2137 | D:4      | Noticed Ijyb
  2141 | D:4      | Noticed Pikel
  2144 | D:4      | Killed Ijyb
  2149 | D:4      | Killed Pikel
  2150 | D:4      | Reached skill level 1 in Stealth
  2150 | D:4      | Reached XP level 7. HP: 35/64 MP: 6/6
  2300 | D:4      | Identified the +8 longbow "Untocut" {venom, *Corrode rElec
                  | rF+ Dex+4}
  2369 | D:4      | Noticed Edmund
  2377 | D:4      | Killed Edmund
  2378 | D:4      | Reached XP level 8. HP: 49/71 MP: 7/7
  2715 | D:4      | Noticed Eustachio
  2728 | D:4      | Killed Eustachio
  2729 | D:4      | Reached skill level 1 in Ranged Weapons
  2973 | D:5      | Entered Level 5 of the Dungeon
  3386 | D:5      | Noticed Sigmund
  3390 | D:5      | Killed Sigmund
  3729 | D:5      | Found a staircase to the Ecumenical Temple.
  3872 | Temple   | Entered the Ecumenical Temple
  3884 | Temple   | Became a worshipper of Warmaster Okawaru
  3995 | D:5      | Reached skill level 5 in Ranged Weapons
  4164 | D:5      | Found a shimmering blue altar of Sif Muna.
  4230 | D:5      | Gained mutation: Your muscles are strong. (Str +4, Int/Dex
                  | -1) [potion of mutation]
  4230 | D:5      | Gained mutation: You passively map a small area around you.
                  | [potion of mutation]
  4230 | D:5      | Gained mutation: You have supernaturally acute eyesight.
                  | (SInv) [potion of mutation]
  4332 | D:6      | Noticed Duvessa
  4332 | D:6      | Noticed Dowan
  4335 | D:6      | Killed Dowan
  4347 | D:6      | Killed Duvessa
  4348 | D:6      | Reached XP level 9. HP: 32/80 MP: 8/8
  4705 | D:6      | Reached * piety under Okawaru
  4717 | D:6      | Noticed Blork the orc
  4719 | D:6      | Killed Blork the orc
  5260 | D:6      | Reached ** piety under Okawaru
  5315 | D:7      | Found Ujedum's Book Emporium.
  5414 | D:7      | Found Xuilulaz's Armour Boutique.
  5437 | D:7      | Bought the +1 pair of boots of Snakes and Ladders {rN+} for
                  | 227 gold pieces
  5575 | D:7      | Found a flagged portal.
  5582 | Bailey   | Entered a bailey
  5691 | Bailey   | Reached XP level 10. HP: 91/91 MP: 9/9
  5701 | Bailey   | Reached *** piety under Okawaru
  5715 | Bailey   | Reached skill level 10 in Ranged Weapons
  5720 | Bailey   | Noticed a sixfirhy
  5881 | Bailey   | Reached skill level 10 in Fighting
  5887 | Bailey   | Reached skill level 1 in Invocations
  6067 | Bailey   | Found an iron altar of Okawaru.
  6067 | Bailey   | Noticed an orc sorcerer
  6072 | Bailey   | Noticed an orange demon
  6075 | Bailey   | Killed an orc sorcerer
  6660 | Bailey   | Acquired 747 gold pieces
  6711 | D:7      | Reached **** piety under Okawaru
  6725 | D:7      | Found Fykueje's Antique Weapon Shop.
  6732 | D:7      | Bought a jewelled quarterstaff for 324 gold pieces
  6732 | D:7      | Identified the +7 quarterstaff "Hohuel" {vorpal, rPois
                  | Will+ Int-2 Stlth+} (You bought it in a shop on level 7 of
                  | the Dungeon)
  7090 | D:7      | Found a sparkling altar of Nemelex Xobeh.
  7100 | D:7      | Found an opulent altar of Gozag.
  7148 | D:7      | Found Fesy's Armour Boutique.
  7151 | D:7      | Bought a +3 ring mail for 294 gold pieces
  7574 | D:8      | Found a runed translucent gate.
  7574 | D:8      | Found a runed translucent gate.
  7574 | D:8      | Found a runed translucent gate.
  7576 | D:8      | Noticed a deep elf pyromancer
  7582 | D:8      | Killed a deep elf pyromancer
  7953 | D:8      | Noticed smilodon's ghost (novice DEHW)
  8410 | D:9      | Reached ***** piety under Okawaru
  8411 | D:9      | Reached XP level 11. HP: 91/102 MP: 12/12
  9075 | D:9      | Found a glowing golden altar of the Shining One.
  9235 | D:10     | Entered Level 10 of the Dungeon
  9611 | D:10     | Identified the +2 pair of gloves of Impatience {rElec Will-
                  | MP-9 Int+8}
  9638 | D:10     | Noticed Erica
  9662 | D:10     | Killed Erica
  9871 | D:10     | Noticed a two-headed ogre
  9882 | D:10     | Noticed a sun demon
  9896 | D:10     | Killed a two-headed ogre
  9896 | D:10     | Reached ****** piety under Okawaru
 10128 | D:10     | Found a staircase to the Lair.
 10212 | D:10     | Noticed Maggie
 10221 | D:10     | Killed Maggie
 10374 | D:10     | Found a hide-covered altar of Uskayaw.
 10602 | D:10     | Identified the +7 hand crossbow "Hiwk" {penet, rCorr Dex+2}
                  | (Okawaru gifted it to you on level 10 of the Dungeon)
 10602 | D:10     | Received a gift from Okawaru
 10772 | D:10     | Noticed a two-headed ogre
 10794 | D:10     | Killed a two-headed ogre
 11220 | D:11     | Reached XP level 12. HP: 106/113 MP: 14/14
 11312 | D:11     | Reached skill level 5 in Invocations
 11317 | D:11     | Reached skill level 10 in Staves
 11872 | D:11     | Noticed a two-headed ogre
 11880 | D:11     | Killed a two-headed ogre
 11880 | D:11     | Identified the +2 buckler of Kyech {Rampage +Blink MP-9
                  | Stlth+} (Okawaru gifted it to you on level 11 of the
                  | Dungeon)
 11880 | D:11     | Received a gift from Okawaru
 12298 | D:11     | Found a portal to a secret trove of treasure.
 13090 | D:12     | Noticed a boulder beetle
 13098 | D:12     | Killed a boulder beetle
 13510 | D:11     | Learned a level 2 spell: Wereblood
 13686 | D:12     | Noticed a centaur warrior
 13695 | D:12     | Killed a centaur warrior
 13839 | D:12     | HP: 3/116 [skeletal warrior/+0 short sword (10)]
 13840 | D:12     | Mangled by a skeletal warrior

Illustrated notes

Levels and vault maps discovered:
D:1:      dpeg_arrival_windows_large_door, layout_basic
D:2:      layout_loops_cross, shapermc_ecumenical_altar_ellora,
          hangedman_decor_growths, minmay_pentomino_v4
D:3:      layout_rooms, grunt_temple_overflow_open, uniq_robin, uniq_grinder
D:4:      layout_basic, uniq_pikel, uniq_edmund, uniq_ijyb, uniq_eustachio
D:5:      layout_loops_corners, lemuel_coloured_pillars_altar,
          minmay_temple_entry_glassed_door, minmay_misc_feat_tiny,
          palyth_stone_intersect, uniq_sigmund
D:6:      layout_basic, kennysheep_generic_room_8, uniq_blork_the_orc,
          uniq_duvessa
D:7:      layout_basic, grunt_temple_overflow_opulence, enter_bailey_3,
          serial_shops, nicolae_shop_advertising_works
          [nicolae_subvault_shop_adworks], kennysheep_mini_moat,
          nicolae_square_shop, nicolae_shop_crystal, corner_web_ring,
          nicolae_kite_square_tiling_tiny
D:8:      layout_rooms, gammafunk_ghost_icy, minmay_gold_behind_fungi,
          minmay_misc_feat_hallway
D:9:      layout_layer_cave, nicolae_tso_carved_into_rock
D:10:     layout_roguey, nicolae_uskayaw_dance_studio, david_lair_shrubbed,
          minmay_increasing_density, uniq_erica, uniq_maggie
D:11:     layout_stronghold, enter_trove_6
D:12:     layout_cave_pools, david_orc_3
Temple:   nicolae_temple_two_arcs

Skill      XL: |  1  2  3  4  5  6  7  8  9 10 11 12 |
---------------+-------------------------------------+-----
Shields        | 4 |  4.6
Fighting       | 4 5 6 7 9 11 12 13 | 13.7
Armour         | 4 5 6 7 8 |  8.6
Staves         | 1 3 6 7 9 10 | 10.6
Dodging        | 1 2 3 |  3.2
Stealth        | 1 2 |  2.8
Ranged Weapons | 6 9 11 12 13 | 13.5
Invocations    | 3 4 5 |  5.9
Axes           | |  2.6
Throwing       | |  0.3

Action                   |  1- 3 |  4- 6 |  7- 9 | 10-12 || total
-------------------------+-------+-------+-------+-------++-------
Melee: Hand axe          |    10 |       |       |       ||    10
       Quarterstaff      |    32 |    61 |    10 |   156 ||   259
       Headbutt          |     2 |    11 |     3 |    37 ||    53
 Fire: Longbow           |       |       |   187 |   354 ||   541
Throw: Dart              |       |       |     1 |     1 ||     2
       Throwing net      |       |       |       |     1 ||     1
       Boomerang         |       |       |       |     1 ||     1
Evoke: Wand              |       |       |       |     1 ||     1
  Use: Potion            |       |     1 |     5 |     3 ||     9
       Scroll            |       |       |    12 |    12 ||    24
 Stab: Distracted        |       |       |       |     2 ||     2
       Held in net/web   |       |       |       |     1 ||     1
Armor: Scale mail        |    14 |    32 |    11 |       ||    57
       Leather armour    |       |       |    10 |    20 ||    30
       Ring mail         |       |       |       |    39 ||    39
       Acid dragon scale |       |       |       |    28 ||    28
Dodge: Dodged            |    14 |    28 |    29 |   129 ||   200
Block: Buckler           |     1 |       |       |       ||     1
